 Dungeon Crawl Stone Soup version 0.20.1-1-g8b1a95d (webtiles) character file.

46 letownia2 the Grave Robber (level 3, 5/28 HPs)
             Began as a Deep Dwarf Necromancer on Nov 11, 2017.
             Quit the game on level 5 of the Dungeon.
             The game lasted 00:04:21 (1323 turns).

letownia2 the Grave Robber (Deep Dwarf Necromancer) Turns: 1323, Time: 00:04:22

Health: 5/28       AC:  5    Str: 11    XL:     3   Next: 46%
Magic:  1/6        EV: 11    Int: 16    God:
Gold:   143        SH:  0    Dex: 13    Spells: 3/7 levels left

rFire    . . .     SeeInvis .   (no weapon)
rCold    . . .     Gourm    .   (no shield)
rNeg     . . .     Faith    .   l - +0 ring mail
rPois    .         Spirit   .   (no helmet)
rElec    .         Reflect  .   (no cloak)
rCorr    .         Harm     .   (no gloves)
MR       .....                  (no boots)
Stlth    +.........             (no amulet)
Regen    0.0/turn               (no ring)
MPRegen  0.1/turn               (no ring)

@: very slightly contaminated, non-regenerating
A: damage resistance, heal wounds, sense surroundings 1, no regeneration
a: Heal Wounds


You were on level 5 of the Dungeon.
You were very hungry.

You visited 1 branch of the dungeon, and saw 5 of its levels.

You collected 143 gold pieces.

Inventory:

Hand Weapons
 i - a +2 long sword of holy wrath
Armour
 l - a +0 ring mail (worn)
Scrolls
 d - a scroll of teleportation {unknown}
 e - a scroll of recharging {unknown}
 f - a scroll of enchant weapon {unknown}
 g - a scroll of remove curse {unknown}
 h - a scroll of identify {unknown}
 j - a scroll of random uselessness {unknown}
Potions
 k - a potion of mutation {unknown}
 m - a potion of heal wounds {unknown}
Books
 b - a book of Necromancy

   Spells                             Type                      Level
   a - Pain                           Necromancy                   1
   b - Animate Skeleton               Necromancy                   1
   c - Vampiric Draining              Necromancy                   3
   d - Regeneration                   Charms/Necromancy            3
   e - Animate Dead                   Necromancy                   4
   f - Control Undead                 Necromancy                   4
Comestibles
 c - a bread ration


   Skills:
 - Level 2.1 Dodging
 - Level 2.4 Stealth
 + Level 2.5 Spellcasting
 + Level 5.2 Necromancy


You had 3 spell levels left.
You knew the following spells:

 Your Spells              Type           Power        Failure   Level  Hunger
a - Pain                  Necr           ###.         5%          1    #......
v - Vampiric Draining     Necr           ###.......   17%         3    ###....


Dungeon Overview and Level Annotations

Branches:
Dungeon (5/15)
 Temple: D:4-7

Altars:

Annotations:
D:2 Terence
D:4 Blork the orc, Sigmund


Innate Abilities, Weirdness & Mutations

You are resistant to damage.
You can heal yourself by infusing magical energy.
You passively map a small area around you.
You do not regenerate.


Message History

Press: ? - help, Shift-Dir - straight line, f/p - hound
Aim: a hound (heavily wounded)
You miscast Vampiric Draining.
You are very lightly contaminated with residual magic.
You smell decay.
The hound barely misses you.
A jackal comes into view.
The giant cockroach bites you but does no damage.
The worker ant barely misses you.
Found 6 gold pieces.
The giant cockroach barely misses you. The hound bites you but does no damage.
The hound bites you.
* * * LOW HITPOINT WARNING * * *
A jackal comes into view.
The giant cockroach closely misses you.
Are you sure you want to abandon this character and quit the game? (Confirm with "yes".)
Okay, then.
Unknown command.
Unknown command.
Are you sure you want to abandon this character and quit the game? (Confirm with "yes".)

* * , * ** * , < * *
* , , .. ### **
*#.####.#
#.#..@h######## *
##.#.##s.a......
.....#ah....... , *
#.###.#..#......... *
#........#.........
###.<..#......... ,
#.####....%.... *
#.............., *
......h....h.h.......


You could see a hound, 2 worker ants, a jackal and a giant cockroach.

Vanquished Creatures
  2 adders
  An ooze (D:3)
  A dart slug (D:3)
  3 leopard geckos
  A ball python (D:3)
  A bat (D:3)
  2 giant cockroaches
  2 goblins
  A hobgoblin (D:2)
  2 jackals (D:1)
  A kobold (D:3)
  2 rats
19 creatures vanquished.

Notes
Turn   | Place    | Note
-------+----------+-------------------------------------------
     0 | D:1      | letownia2 the Deep Dwarf Necromancer began the quest for the Orb.
     0 | D:1      | Reached XP level 1. HP: 15/15 MP: 3/3
   418 | D:2      | Reached XP level 2. HP: 19/22 MP: 1/5
   421 | D:2      | Noticed Terence
   642 | D:4      | Noticed a phantom
   673 | D:3      | Reached skill level 5 in Necromancy
   813 | D:4      | Reached XP level 3. HP: 5/28 MP: 3/6
   819 | D:4      | Learned a level 3 spell: Vampiric Draining
  1026 | D:4      | Noticed Blork the orc
  1182 | D:4      | Noticed an ogre
  1290 | D:4      | Noticed Sigmund
  1307 | D:5      | Entered Level 5 of the Dungeon
  1323 | D:5      | Quit the game

Skill      XL: |  1  2 |
---------------+-------+-----
Spellcasting   | 2 |  2.5
Necromancy     | 5 |  5.2
Dodging        | |  2.1
Stealth        | |  2.4

Action                   || total
-------------------------++-------
Melee: Unarmed           ||     2
 Cast: Pain              ||    31
       Vampiric Draining ||     7
  Eat: Chunk             ||     1
Armor: Robe              ||     6
       Ring mail         ||    16
Dodge: Dodged            ||    35
